 Dungeon Crawl Stone Soup version 0.23.2-33-g5129a83184 (webtiles) character file.

Game seed: 17188971601457173036

2011 Acheron the Covered (level 9, 0/54 HPs)
             Began as a Gargoyle Fighter on July 31, 2019.
             Was a Priest of Okawaru.
             Slain by a sixfirhy (8 damage)
             ... summoned by a deep elf mage
             ... on level 7 of the Dungeon.
             The game lasted 00:29:03 (5716 turns).

Acheron the Covered (Gargoyle Fighter)              Turns: 5716, Time: 00:29:04

Health: 0/54       AC: 19    Str: 20    XL:     9   Next: 22%
Magic:  12/13      EV: 12    Int: 10    God:    Okawaru [***...]
Gold:   452        SH: 11    Dex: 11    Spells: 13/14 levels left

rFire    . . .     SeeInvis .   a - +3 war axe
rCold    + . .     Gourm    .   c - +0 shield
rNeg     + + .     Faith    .   b - +0 scale mail
rPois    ∞         Spirit   .   (no helmet)
rElec    +         Reflect  .   t - +0 cloak
rCorr    .         Harm     .   (no gloves)
MR       .....                  C - +1 pair of boots
Stlth    +++.......             (no amulet)
HPRegen  0.18/turn              r - ring of positive energy
MPRegen  0.13/turn              v - ring of protection from cold

@: heroism, very slightly contaminated, lightly drained
A: negative energy resistance 1, electricity resistance, unbreathing,
petrification resistance, rot immunity, AC +6
a: Heroism, Renounce Religion


You were on level 7 of the Dungeon.
You worshipped Okawaru.
Okawaru was most pleased with you.
You were not hungry.

You visited 1 branch of the dungeon, and saw 8 of its levels.

You collected 452 gold pieces.

Inventory:

Hand Weapons
 a - a +3 war axe (weapon)
 B - the +6 spear of Cimm {pierce, rElec, unknown}
   (You found it on level 5 of the Dungeon)

   It inflicts extra damage upon your enemies.
   It insulates you from electricity.
 J - a cursed -3 long sword
 L - a +2 long sword of freezing
 M - a +2 battleaxe
Missiles
 e - 108 stones
 h - 5 curare-tipped needles
 j - 42 sling bullets
 m - 18 poisoned needles
 D - a throwing net
 E - 7 javelins of penetration (quivered)
 I - 6 silver javelins
Armour
 b - a +0 scale mail (worn)
 c - a +0 shield (worn)
 t - a +0 cloak (worn)
 C - a +1 pair of boots (worn)
Jewellery
 r - a ring of positive energy (left hand)
 v - a ring of protection from cold (right hand)
 A - an uncursed ring of poison resistance {unknown}
Wands
 d - a wand of flame (17)
 l - a wand of enslavement (9)
 K - a wand of random effects (16)
Scrolls
 o - a scroll of blinking
 q - a scroll of remove curse
 u - a scroll of amnesia
 y - 2 scrolls of magic mapping
 F - 2 scrolls of fear
 O - a scroll of teleportation
Potions
 g - 2 potions of agility
 i - a potion of invisibility
 k - 2 potions of haste
 n - 2 potions of flight
 p - 3 potions of lignification {unknown}
 s - a potion of ambrosia {unknown}
 w - a potion of berserk rage {unknown}
 x - a potion of brilliance {unknown}
 z - a potion of magic {unknown}
 H - a potion of degeneration {unknown}
 N - 2 potions of heal wounds
Comestibles
 f - 9 rations
 G - 3 chunks of flesh


   Skills:
 * Level 5.2(10.0) Fighting
 + Level 5.0(9.8) Axes
 * Level 3.0(7.9) Throwing
 * Level 5.6(10.4) Armour
 * Level 2.4(7.3) Dodging
 * Level 4.4(9.2) Stealth
 + Level 4.5(9.3) Shields
 * Level 3.2(3.0) Spellcasting
 * Level 1.5(1.3) Conjurations
 * Level 1.5(1.4) Invocations
 * Level 2.9(2.7) Evocations


You had 13 spell levels left.
You knew the following spells:

 Your Spells              Type           Power        Failure   Level  Hunger
a - Sting                 Conj/Pois      #...         71%         1    #......

Your spell library contained the following spells:

 Spells                   Type           Power        Failure   Level  Hunger
 Confusing Touch          Hex            #.....       80%         1    #......
 Poisonous Vapours        Pois/Air       #.....       90%         2    ###....
 Mephitic Cloud           Conj/Pois/Air  #.......     98%         3    ###....
 Confuse                  Hex            #.......     99%         3    ###....
 Gell's Gravitas          Tloc           #.........   99%         3    ###....
 Olgreb's Toxic Radiance  Pois           #.......     100%        4    #####..
 Petrify                  Tmut/Erth      #.......     100%        4    #####..
 Metabolic Englaciation   Hex/Ice        #.........   100%        5    ######.
 Venom Bolt               Conj/Pois      #.........   100%        5    ######.
 Yara's Violent Unravell  Hex/Tmut       #.........   100%        5    ######.


Dungeon Overview and Level Annotations

Branches:
Dungeon (8/15)             Temple (0/1) D:6
   Lair: D:8-11

Altars:
Cheibriados
Makhleb
Okawaru
Sif Muna
Trog
Vehumet
Yredelemnul
Zin

Shops:
D:7 (

Annotations:
D:2 exclusion: downstairs
D:3 exclusion: 2 downstairs
D:5 3 runed translucent doors, Acheron's ghost, amateur DrWn; Descartes's ghost, amateur FoEE; Sassenached's ghost, novice DsWn; Thargor's ghost, novice DsGl


Innate Abilities, Weirdness & Mutations

You are resistant to torment.
Your stone body is resilient. (AC +6)
You are immune to poison.
You resist negative energy. (rN+)
You are resistant to electric shocks. (rElec)
You can survive without breathing.
You are immune to petrification.
You are immune to rotting.


Message History

The deep elf mage is lightly wounded.
You closely miss the worker ant. You hit the sixfirhy. You hit the ufetubus.
You hit the ynoxinul.
The worker ant bites you but does no damage.
The deep elf mage hits you but does no damage.
The ufetubus hits you but does no damage.
You block the ufetubus's attack.
Blink to where?
Press: ? - help, Dir - move target cursor You are very lightly contaminated with residual magic.
As you read the scroll of blinking, it crumbles to dust.
The sixfirhy misses you. The sixfirhy hits you. The sixfirhy shocks you.
You resist.
* * * LOW HITPOINT WARNING * * *
The sixfirhy hits you.
* * * LOW HITPOINT WARNING * * *
The sixfirhy shocks you. You resist.
* * * LOW HITPOINT WARNING * * *
The sixfirhy hits you!
You die...

.. #.
...#.###########
...#.........?.#
.............
#..5.5......
#..5........
#.$3ea..#
###.###3#
####...#@#
...........#
#.########.#.####
#....>.....
#.#.....##.
###.#####.# #
#....####.# #####
+.......#.# #...#
#....##.#.# #...#


You could see a sixfirhy and an ufetubus.

Vanquished Creatures
  A hungry ghost (D:7)
  A phantom (D:5)
  A necrophage (D:6)
  A sky beast (D:7)
  2 ogres
  3 centaurs
  2 bullfrogs (D:7)
  Blork the orc (D:5)
  A scorpion (D:8)
  5 wights (D:7)
  2 howler monkeys
  3 crimson imps
  2 jellies
  3 orc priests
  3 hounds
  An iguana (D:5)
  Ijyb (D:5)
  3 orc wizards
  A worker ant (D:3)
  A worker ant zombie (D:7)
  8 adders
  A shadow imp (D:5)
  An adder skeleton (D:4)
  2 dart slugs
  5 leopard geckos
  11 orcs
  2 ball pythons
  7 bats
  6 giant cockroaches
  2 gnoll zombies (D:3)
  4 goblins
  A hobgoblin (D:1)
  22 jackals
  3 quokkas
  9 frilled lizards
  A giant cockroach zombie (D:5)
  4 kobolds
  A quokka skeleton (D:7)
  12 rats
140 creatures vanquished.

Vanquished Creatures (others)
  A plant (D:5)
1 creature vanquished.

Grand Total: 141 creatures vanquished

Notes
Turn   | Place    | Note
-------+----------+-------------------------------------------
     0 | D:1      | Acheron the Gargoyle Fighter began the quest for the Orb.
     0 | D:1      | Reached XP level 1. HP: 14/14 MP: 1/1
   318 | D:1      | Reached XP level 2. HP: 19/19 MP: 2/2
   721 | D:2      | Reached XP level 3. HP: 16/23 MP: 2/4
   725 | D:2      | Reached skill level 1 in Stealth
   776 | D:2      | Reached skill level 1 in Spellcasting
  1162 | D:2      | Reached XP level 4. HP: 27/28 MP: 5/5
  1370 | D:2      | Found an iron altar of Okawaru.
  1506 | D:2      | Found a deep blue altar of Sif Muna.
  1679 | D:4      | Reached XP level 5. HP: 30/32 MP: 5/7
  1782 | D:4      | Noticed an ogre
  1833 | D:3      | Found an iron altar of Okawaru.
  1843 | D:3      | Became a worshipper of Warmaster Okawaru
  1934 | D:3      | Found a basalt altar of Yredelemnul.
  2367 | D:5      | Entered Level 5 of the Dungeon
  2463 | D:3      | Found a faded altar of an unknown god.
  2729 | D:4      | Killed an ogre
  2729 | D:4      | Reached skill level 1 in Dodging
  2729 | D:4      | Reached XP level 6. HP: 18/38 MP: 8/8
  2953 | D:4      | Found a glowing silver altar of Zin.
  2995 | D:4      | Noticed an orc warrior
  3041 | D:3      | Reached skill level 1 in Evocations
  3233 | D:5      | Noticed Blork the orc
  3247 | D:5      | Noticed Ijyb
  3250 | D:5      | Noticed a phantom
  3262 | D:5      | Killed Ijyb
  3262 | D:5      | Reached * piety under Okawaru
  3270 | D:5      | Reached XP level 7. HP: 20/43 MP: 9/9
  3273 | D:5      | Reached skill level 1 in Throwing
  3288 | D:5      | Killed Blork the orc
  3681 | D:5      | Found a burning altar of Makhleb.
  3771 | D:5      | Found a runed translucent gate.
  3771 | D:5      | Noticed Descartes's ghost (amateur FoEE)
  3771 | D:5      | Noticed Sassenached's ghost (novice DsWn)
  3772 | D:5      | Found a runed translucent gate.
  3772 | D:5      | Found a runed translucent gate.
  3772 | D:5      | Noticed Acheron's ghost (amateur DrWn)
  3772 | D:5      | Noticed Thargor's ghost (novice DsGl)
  3864 | D:5      | Found a radiant altar of Vehumet.
  3915 | D:5      | Got a brightly glowing spear
  3996 | D:5      | Reached ** piety under Okawaru
  4028 | D:5      | Reached XP level 8. HP: 47/48 MP: 11/11
  4397 | D:5      | Found a snail-covered altar of Cheibriados.
  4513 | D:6      | Found a bloodstained altar of Trog.
  4518 | D:6      | Reached skill level 5 in Armour
  4794 | D:6      | Found a staircase to the Ecumenical Temple.
  5191 | D:6      | Learned a level 1 spell: Sting
  5368 | D:7      | Found Axaiss's Antique Weapon Shop.
  5412 | D:7      | Reached skill level 5 in Fighting
  5456 | D:7      | Reached *** piety under Okawaru
  5456 | D:7      | Reached skill level 1 in Invocations
  5462 | D:7      | Reached skill level 1 in Conjurations
  5464 | D:7      | Reached XP level 9. HP: 54/54 MP: 10/13
  5558 | D:7      | Reached skill level 5 in Axes
  5703 | D:7      | Noticed a deep elf mage
  5706 | D:7      | Noticed a sixfirhy
  5716 | D:7      | Slain by a sixfirhy

Skill      XL: |  1  2  3  4  5  6  7  8  9 |
---------------+----------------------------+-----
Axes           | 2 3 4 5 |  5.0
Stealth        | 1 2 3 4 |  4.4
Spellcasting   | 1 2 3 |  3.2
Armour         | 4 5 |  5.6
Dodging        | 1 2 |  2.4
Evocations     | 1 2 |  2.9
Shields        | 4 |  4.5
Fighting       | 4 5 |  5.2
Throwing       | 1 2 3 |  3.0
Invocations    | 1 |  1.5
Conjurations   | 1 |  1.5

Action                   |  1- 3 |  4- 6 |  7- 9 || total
-------------------------+-------+-------+-------++-------
Melee: War axe           |    99 |   146 |   176 ||   421
Throw: Stone             |       |     4 |     8 ||    12
       Javelin           |       |       |    12 ||    12
Invok: Heroism           |       |       |     5 ||     5
  Use: Scroll            |     2 |     9 |     6 ||    17
       Potion            |       |     5 |       ||     5
 Stab: Sleeping          |       |       |     1 ||     1
  Eat: Chunk             |     1 |     5 |     4 ||    10
       Ration            |       |     1 |     2 ||     3
Armor: Scale mail        |    82 |    95 |   111 ||   288
Dodge: Dodged            |    34 |    61 |    66 ||   161
Block: Shield            |    58 |    78 |    97 ||   233
